[ PARTIDA AOE2 · #494331834 ]
UnrankedTeutones vs Persians
Equipo del jugador · DERR
Equipo rival · VICT
[ ANÁLISIS DE REPETICIÓN · EXTRAÍDO DE LA PARTIDA GRABADA ]
Feudal
9:14
Castillos
—
Imperial
—
| APM promedio | 44.8 |
| APM pico | 89 |
| eAPM promedio | 21.8 |
| Aldeanos / militares | 45 / 0 |
Foco
⚔️ 36.4% · 🌾 63.6%
Feudal
8:28
Castillos
24:27
Imperial
—
| APM promedio | 42.5 |
| APM pico | 78 |
| eAPM promedio | 23.7 |
| Aldeanos / militares | 44 / 10 |
Foco
⚔️ 35.2% · 🌾 64.8%
Knight ×5 · Scout Cavalry ×3 · Mangonel ×2
Mapa de la partida
Recursos iniciales + cada clic de construcción. Líneas = muros · curvas = relieve. ◆ oro · ⬟ piedra · ● bayas · ✦ reliquia · ◌ hueco del cierre
Tu base· Abierta — flanco sin cerrar
Base de Volmer· Abierta — hueco de 9t
Terreno inicial suavizado · ◌ = hueco del cierre detectado · pasá el cursor para detalles
Inputs por minuto
— Dracarys - - Volmer
Build order — Dracarys
140 acciones detectadas en el replay
| 0:03 | Crear | Villager (Male) |
| 0:03 | Crear | Villager (Male) |
| 0:04 | Construir | House |
| 0:05 | Crear | Villager (Male) |
| 0:05 | Crear | Villager (Male) |
| 0:06 | Construir | House |
| 1:16 | Construir | House |
| 1:18 | Construir | House |
| 1:38 | Crear | Villager (Male) |
| 1:39 | Crear | Villager (Male) |
| 1:59 | Crear | Villager (Male) |
| 2:00 | Crear | Villager (Male) |
| 2:11 | Construir | Lumber Camp |
| 2:16 | Construir | Lumber Camp |
| 2:24 | Crear | Villager (Male) |
| 2:55 | Crear | Villager (Male) |
| 3:17 | Crear | Villager (Male) |
| 3:51 | Crear | Villager (Male) |
| 3:51 | Crear | Villager (Male) |
| 4:30 | Crear | Villager (Male) |
| 4:45 | Investigar | Loom |
| 4:47 | Construir | House |
| 4:52 | Crear | Villager (Male) |
| 5:14 | Construir | Mill |
| 5:35 | Crear | Villager (Male) |
| 5:56 | Crear | Villager (Male) |
| 6:22 | Crear | Villager (Male) |
| 7:04 | Investigar | Feudal Age |
| 7:05 | Investigar | Feudal Age |
| 7:05 | Investigar | Feudal Age |
| 7:18 | Construir | Mining Camp |
| 7:41 | Crear | Villager (Male) |
| 8:33 | Crear | Villager (Male) |
| 9:14 | Edad | Edad Feudal |
| 9:19 | Investigar | Double-Bit Axe |
| 9:27 | Construir | Watch Tower |
| 9:31 | Construir | Stone Wall |
| 9:33 | Construir | Stone Wall |
| 9:43 | Construir | House |
| 9:53 | Construir | Palisade Wall |
| 9:58 | Investigar | Wheelbarrow |
| 10:13 | Construir | Palisade Wall |
| 10:23 | Construir | Stone Wall |
| 10:24 | Construir | Stone Wall |
| 10:30 | Construir | Watch Tower |
| 10:33 | Crear | Villager (Male) |
| 10:47 | Construir | Stone Wall |
| 10:57 | Construir | Stone Wall |
| 11:00 | Construir | Stone Wall |
| 11:04 | Construir | Stone Wall |
| 11:07 | Construir | Stone Wall |
| 11:10 | Construir | Stone Wall |
| 11:12 | Construir | Stone Wall |
| 11:15 | Construir | Stone Wall |
| 11:30 | Crear | Villager (Male) |
| 11:36 | Construir | Palisade Wall |
| 12:14 | Crear | Villager (Male) |
| 12:25 | Construir | Palisade Wall |
| 12:35 | Construir | Blacksmith |
| 12:54 | Construir | Watch Tower |
| 13:04 | Crear | Villager (Male) |
| 13:30 | Crear | Villager (Male) |
| 13:40 | Crear | Villager (Male) |
| 13:47 | Construir | Watch Tower |
| 14:03 | Crear | Villager (Male) |
| 15:22 | Crear | Villager (Male) |
| 15:44 | Construir | Watch Tower |
| 15:46 | Construir | Stone Wall |
| 15:48 | Construir | Stone Wall |
| 15:49 | Construir | Stone Wall |
| 16:06 | Construir | Stone Wall |
| 16:27 | Crear | Villager (Male) |
| 16:52 | Crear | Villager (Male) |
| 17:14 | Construir | Farm |
| 17:24 | Construir | Watch Tower |
| 17:36 | Construir | Farm |
| 17:56 | Construir | Watch Tower |
| 18:01 | Construir | Stone Wall |
| 18:04 | Construir | Stone Wall |
| 18:10 | Construir | Stone Wall |
| 18:14 | Construir | Stone Wall |
| 18:41 | Crear | Villager (Male) |
| 18:44 | Construir | Farm |
| 18:44 | Construir | Farm |
| 18:44 | Construir | Farm |
| 18:44 | Construir | Farm |
| 18:45 | Construir | Farm |
| 18:52 | Construir | Watch Tower |
| 18:58 | Construir | House |
| 19:10 | Crear | Villager (Male) |
| 19:48 | Construir | Watch Tower |
| 19:53 | Construir | Stone Wall |
| 19:55 | Construir | Stone Wall |
| 19:58 | Construir | Stone Wall |
| 20:03 | Crear | Villager (Male) |
| 20:06 | Construir | Market |
| 20:16 | Investigar | Fletching |
| 20:16 | Investigar | Fletching |
| 20:56 | Construir | Watch Tower |
| 20:59 | Crear | Villager (Male) |
| 21:01 | Construir | Farm |
| 21:03 | Crear | Villager (Male) |
| 21:11 | Construir | Stone Wall |
| 21:23 | Crear | Villager (Male) |
| 21:28 | Construir | Farm |
| 21:59 | Construir | Farm |
| 22:01 | Construir | House |
| 22:03 | Crear | Villager (Male) |
| 22:09 | Construir | Watch Tower |
| 22:11 | Construir | Stone Wall |
| 22:12 | Construir | Stone Wall |
| 22:13 | Construir | Stone Wall |
| 22:28 | Construir | Stone Wall |
| 22:37 | Construir | Farm |
| 23:12 | Construir | Stone Wall |
| 23:14 | Construir | Stone Wall |
| 23:16 | Construir | Stone Wall |
| 23:33 | Crear | Villager (Male) |
| 23:35 | Construir | Farm |
| 24:13 | Construir | Watch Tower |
| 24:18 | Construir | House |
| 24:32 | Construir | Watch Tower |
| 24:33 | Crear | Villager (Male) |
| 24:35 | Construir | Mining Camp |
| 24:47 | Construir | Stone Wall |
| 24:49 | Construir | Stone Wall |
| 24:51 | Construir | Stone Wall |
| 24:53 | Construir | Stone Wall |
| 25:16 | Construir | Farm |
| 25:18 | Crear | Villager (Male) |
| 25:19 | Crear | Villager (Male) |
| 25:52 | Construir | Stone Wall |
| 25:55 | Construir | Stone Wall |
| 25:57 | Construir | Stone Wall |
| 26:00 | Construir | Stone Wall |
| 26:10 | Crear | Villager (Male) |
| 26:35 | Crear | Villager (Male) |
| 26:39 | Construir | House |
| 27:23 | Crear | Villager (Male) |
| 27:37 | Crear | Villager (Male) |
Build order — Volmer
127 acciones detectadas en el replay
| 0:02 | Crear | Villager (Male) |
| 0:02 | Crear | Villager (Male) |
| 0:02 | Crear | Villager (Male) |
| 0:04 | Construir | House |
| 0:05 | Construir | House |
| 0:29 | Crear | Villager (Male) |
| 0:29 | Crear | Villager (Male) |
| 1:44 | Crear | Villager (Male) |
| 1:59 | Crear | Villager (Male) |
| 2:20 | Crear | Villager (Male) |
| 2:42 | Construir | Lumber Camp |
| 2:44 | Construir | House |
| 2:45 | Construir | House |
| 2:58 | Crear | Villager (Male) |
| 2:58 | Crear | Villager (Male) |
| 3:16 | Crear | Villager (Male) |
| 3:52 | Crear | Villager (Male) |
| 4:22 | Crear | Villager (Male) |
| 4:22 | Crear | Villager (Male) |
| 5:14 | Crear | Villager (Male) |
| 5:17 | Construir | Mill |
| 5:42 | Investigar | Loom |
| 6:22 | Investigar | Feudal Age |
| 7:08 | Crear | Villager (Male) |
| 7:08 | Crear | Villager (Male) |
| 7:34 | Construir | House |
| 7:40 | Construir | House |
| 7:47 | Construir | Barracks |
| 8:28 | Edad | Edad Feudal |
| 8:37 | Investigar | Double-Bit Axe |
| 8:43 | Construir | Stable |
| 9:02 | Construir | Palisade Gate |
| 9:22 | Crear | Villager (Male) |
| 9:22 | Crear | Villager (Male) |
| 9:41 | Construir | Lumber Camp |
| 9:49 | Construir | Lumber Camp |
| 9:58 | Crear | Scout Cavalry |
| 10:06 | Construir | House |
| 10:11 | Crear | Villager (Male) |
| 10:20 | Crear | Villager (Male) |
| 10:24 | Crear | Scout Cavalry |
| 10:39 | Construir | Mining Camp |
| 10:52 | Construir | Watch Tower |
| 11:03 | Crear | Villager (Male) |
| 11:05 | Crear | Villager (Male) |
| 11:23 | Crear | Scout Cavalry |
| 11:36 | Construir | Blacksmith |
| 11:47 | Crear | Villager (Male) |
| 11:54 | Construir | Farm |
| 12:04 | Crear | Villager (Male) |
| 12:11 | Investigar | Fletching |
| 12:25 | Construir | Farm |
| 12:28 | Construir | Farm |
| 12:31 | Construir | Farm |
| 12:32 | Construir | Farm |
| 12:47 | Crear | Villager (Male) |
| 12:49 | Construir | Farm |
| 12:52 | Construir | House |
| 13:24 | Construir | Farm |
| 13:25 | Crear | Villager (Male) |
| 13:26 | Crear | Villager (Male) |
| 14:08 | Construir | Palisade Gate |
| 14:13 | Construir | Palisade Gate |
| 14:15 | Crear | Villager (Male) |
| 14:22 | Construir | Palisade Gate |
| 14:25 | Construir | Palisade Gate |
| 14:33 | Crear | Villager (Male) |
| 14:47 | Crear | Villager (Male) |
| 14:56 | Construir | Palisade Gate |
| 15:12 | Crear | Villager (Male) |
| 15:20 | Crear | Villager (Male) |
| 15:22 | Construir | Farm |
| 15:25 | Construir | Farm |
| 15:27 | Construir | Farm |
| 15:29 | Construir | Farm |
| 15:31 | Construir | Farm |
| 16:01 | Construir | Watch Tower |
| 16:48 | Construir | Farm |
| 16:50 | Construir | Farm |
| 16:52 | Construir | Farm |
| 17:01 | Construir | Watch Tower |
| 17:05 | Construir | Watch Tower |
| 17:08 | Crear | Villager (Male) |
| 17:08 | Crear | Villager (Male) |
| 18:13 | Construir | Palisade Gate |
| 18:14 | Crear | Villager (Male) |
| 18:23 | Crear | Villager (Male) |
| 18:32 | Construir | Palisade Wall |
| 18:39 | Construir | Farm |
| 18:41 | Construir | Farm |
| 18:59 | Crear | Villager (Male) |
| 19:15 | Construir | Mining Camp |
| 19:26 | Crear | Villager (Male) |
| 19:43 | Crear | Villager (Male) |
| 20:03 | Construir | Lumber Camp |
| 20:18 | Construir | Lumber Camp |
| 20:25 | Crear | Villager (Male) |
| 20:44 | Crear | Villager (Male) |
| 20:51 | Construir | House |
| 20:56 | Crear | Villager (Male) |
| 20:58 | Investigar | Town Watch |
| 21:29 | Construir | Market |
| 22:02 | Investigar | Castle Age |
| 22:30 | Construir | Mining Camp |
| 23:09 | Construir | Palisade Gate |
| 23:51 | Construir | Stable |
| 23:56 | Investigar | Bloodlines |
| 24:00 | Investigar | Scale Barding Armor |
| 24:11 | Investigar | Gold Mining |
| 24:27 | Edad | Edad de los Castillos |
| 24:32 | Construir | Siege Workshop |
| 24:39 | Crear | Knight |
| 24:43 | Construir | Mining Camp |
| 24:46 | Crear | Knight |
| 24:58 | Crear | Mangonel |
| 25:04 | Construir | Lumber Camp |
| 25:18 | Construir | Siege Workshop |
| 25:30 | Crear | Knight |
| 26:23 | Construir | Farm |
| 26:26 | Crear | Villager (Male) |
| 26:28 | Investigar | Wheelbarrow |
| 26:56 | Construir | Farm |
| 26:59 | Crear | Mangonel |
| 27:04 | Crear | Knight |
| 27:04 | Crear | Knight |
| 27:23 | Construir | Farm |
| 27:41 | Construir | Farm |
Cronología de la partida
| 7:47 | Volmer · first_building Barracks |
| 8:28 | Volmer · age_up feudal |
| 8:43 | Volmer · first_building Stable |
| 9:14 | Dracarys · age_up feudal |
| 9:31 | Dracarys · wall_segment Stone Wall x1 |
| 9:33 | Dracarys · wall_segment Stone Wall x1 |
| 9:53 | Dracarys · wall_segment Palisade Wall x10 |
| 10:13 | Dracarys · wall_segment Palisade Wall x11 |
| 10:23 | Dracarys · wall_segment Stone Wall x1 |
| 10:24 | Dracarys · wall_segment Stone Wall x1 |
| 10:47 | Dracarys · wall_segment Stone Wall x1 |
| 10:57 | Dracarys · wall_segment Stone Wall x1 |
| 11:00 | Dracarys · wall_segment Stone Wall x1 |
| 11:04 | Dracarys · wall_segment Stone Wall x1 |
| 11:07 | Dracarys · wall_segment Stone Wall x1 |
| 11:10 | Dracarys · wall_segment Stone Wall x1 |
| 11:12 | Dracarys · wall_segment Stone Wall x1 |
| 11:15 | Dracarys · wall_segment Stone Wall x1 |
| 11:36 | Dracarys · wall_segment Palisade Wall x3 |
| 12:25 | Dracarys · wall_segment Palisade Wall x11 |
| 15:46 | Dracarys · wall_segment Stone Wall x1 |
| 15:48 | Dracarys · wall_segment Stone Wall x1 |
| 15:49 | Dracarys · wall_segment Stone Wall x1 |
| 16:06 | Dracarys · wall_segment Stone Wall x1 |
| 18:01 | Dracarys · wall_segment Stone Wall x1 |
| 18:04 | Dracarys · wall_segment Stone Wall x1 |
| 18:10 | Dracarys · wall_segment Stone Wall x1 |
| 18:14 | Dracarys · wall_segment Stone Wall x1 |
| 18:32 | Volmer · wall_segment Palisade Wall x1 |
| 19:53 | Dracarys · wall_segment Stone Wall x1 |
| 19:55 | Dracarys · wall_segment Stone Wall x1 |
| 19:58 | Dracarys · wall_segment Stone Wall x1 |
| 21:11 | Dracarys · wall_segment Stone Wall x1 |
| 22:00 | Volmer · first_market_sell 100 food |
| 22:11 | Dracarys · wall_segment Stone Wall x1 |
| 22:12 | Dracarys · wall_segment Stone Wall x1 |
| 22:13 | Dracarys · wall_segment Stone Wall x1 |
| 22:28 | Dracarys · wall_segment Stone Wall x1 |
| 23:12 | Dracarys · wall_segment Stone Wall x1 |
| 23:14 | Dracarys · wall_segment Stone Wall x1 |
| 23:16 | Dracarys · wall_segment Stone Wall x1 |
| 24:27 | Volmer · age_up castle |
| 24:32 | Volmer · first_building Siege Workshop |
| 24:47 | Dracarys · wall_segment Stone Wall x1 |
| 24:49 | Dracarys · wall_segment Stone Wall x1 |
| 24:51 | Dracarys · wall_segment Stone Wall x1 |
| 24:53 | Dracarys · wall_segment Stone Wall x1 |
| 25:52 | Dracarys · wall_segment Stone Wall x1 |
| 25:55 | Dracarys · wall_segment Stone Wall x1 |
| 25:57 | Dracarys · wall_segment Stone Wall x1 |
| 26:00 | Dracarys · wall_segment Stone Wall x1 |
| 27:45 | Dracarys · resign |
[ ANÁLISIS IA · 1 CRÉDITO ]
¿Qué pasó realmente en esta partida?
Wolo.gg analiza cada decisión: build order, eco, micro, errores típicos por bracket. Análisis personalizado por WhatsApp o Discord en 30 segundos.
Guía civ
Teutones
Perfil
Dracarys